 Dungeon Crawl Stone Soup version 0.30-a0-341-g682706514a (webtiles) character file.

Game seed: 7716530244050302266

65 funkygono the Firebug (level 3, -1/26 HPs)
             Began as a Draconian Fire Elementalist on Nov 2, 2022.
             Slain by Crazy Yiuf
             ... wielding a +4 quarterstaff of chaos
              (7 damage)
             ... while petrified by Crazy Yiuf
             ... on level 2 of the Dungeon.
             The game lasted 00:02:36 (2151 turns).

funkygono the Firebug (Draconian Fire Elementalist) Turns: 2151, Time: 00:02:37

Health: -1/26      AC:  6    Str: 10    XL:     3   Next: 92%
Magic:  3/7        EV:  5    Int: 17    God:
Gold:   80         SH:  0    Dex: 11    Spells: 1/7 levels left

rFire   + + .      SeeInvis .    (weapon currently unavailable)
rCold   + + .      Faith    .    (shield currently unavailable)
rNeg    + + +      Spirit   .    (body armour unavailable)
rPois   ∞          Reflect  .    (helmet currently unavailable)
rElec   +          Harm     .    (cloak currently unavailable)
rCorr   +          Rampage  .    (gloves currently unavailable)
Will    .....                    (boots currently unavailable)
Stlth   ++........               (amulet currently unavailable)
HPRegen 0.24/turn                (ring currently unavailable)
MPRegen 0.10/turn                (ring currently unavailable)

@: wisp-form, petrified, flying
A: insubstantial, flying, no casting, AC +5, tiny, unfitting armour,
(cold-blooded)
a: no special abilities


You were on level 2 of the Dungeon.
You were an insubstantial wisp.
You visited 1 branch of the dungeon, and saw 2 of its levels.

You collected 80 gold pieces.

Inventory:

Hand Weapons
 b - a +0 club (melded)
Scrolls
 c - a scroll of poison {unknown}
 e - 3 scrolls of identify {unknown}
 f - a scroll of enchant armour {unknown}
 g - a scroll of butterflies {unknown}
 k - a scroll of acquirement {unknown}
Potions
 a - a potion of magic
 d - 4 potions of degeneration {unknown}
 h - a potion of mutation {unknown}
 i - 3 potions of curing {unknown}
 j - 2 potions of attraction {unknown}
 l - a potion of brilliance {unknown}


   Skills:
 + Level 2.2 Dodging
 + Level 1.9 Stealth
 + Level 2.7 Spellcasting
 + Level 1.3 Conjurations
 + Level 3.8 Fire Magic


You had one spell level left.
You knew the following spells:

 Your Spells              Type           Power      Damage    Failure   Level
a - Foxfire               Conj/Fire      44%        2x1d6     6%          1
b - Scorch                Fire           30%        2d6       6%          2
c - Kindle Blastsparks    Fire/Tloc/Air  12%        2d11      32%         3

Your spell library contained the following spells:

 Spells                   Type           Power      Damage    Failure   Level
 Momentum Strike          Conj/Tloc      8%         3d8       21%         2
 Inner Flame              Hex/Fire       8%         N/A       24%         3
 Blink                    Tloc           4%         N/A       26%         2
 Lesser Beckoning         Tloc           4%         N/A       47%         3
 Flame Wave               Conj/Fire      11%        2d6       52%         4
 Blade Hands              Tmut           1%         N/A       99%         5
 Iron Shot                Conj/Erth      2%         9d2       100%        6
 Animate Armour           Summ/Erth      Unusable   N/A       N/A         4

Dungeon Overview and Level Annotations

Branches:
Dungeon (2/15)

Altars:

Annotations:
D:2 Crazy Yiuf


Innate Abilities, Weirdness & Mutations

You are an insubstantial wisp.
Your tiny insubstantial body is highly resistant to most damage types.
You are flying.
Your equipment is entirely melded.
You are incapable of wielding weapons or throwing items.
You cannot cast spells.
((Your plain brown scales are hard. (AC +5)))
You cannot fit into any form of body armour.
((You are cold-blooded and may be slowed by cold attacks.))


Message History

Moving in this stuff is going to be slow.
You see here a +0 scale mail.
There is a stone staircase leading up here.
Crazy Yiuf shouts!
Casting: Scorch (safe; 6% risk of failure)
Confirm with . or Enter, or press ? or * to list all spells.
You don't know that spell.
Casting: Scorch (safe; 6% risk of failure)
Confirm with . or Enter, or press ? or * to list all spells.
Okay, then.
You open the door.
Crazy Yiuf whimpers, "Cake toodlewoodle aubergine!"
Casting: Scorch (safe; 6% risk of failure)
Confirm with . or Enter, or press ? or * to list all spells.
Flames lash Crazy Yiuf.
Crazy Yiuf is moderately wounded.
Crazy Yiuf's fire resistance burns away.
Crazy Yiuf cries, "Fire!
Liver infinity ladder."
Crazy Yiuf hits you with a +4 quarterstaff of chaos!
You are slowing down.
Casting: Scorch (safe; 6% risk of failure)
Confirm with . or Enter, or press ? or * to list all spells.
Flames lash Crazy Yiuf.
Crazy Yiuf is burned terribly!
Crazy Yiuf is severely wounded.
Crazy Yiuf says, "Ten!"
Crazy Yiuf hits you but does no damage.
Crazy Yiuf hits you with a +4 quarterstaff of chaos!
You turn into an insubstantial wisp.
Your +0 club melds into your body.
Your limbs are stiffening.
You can't do that in your present form.
Unknown command.
You touch Crazy Yiuf.
Crazy Yiuf is almost dead.
Crazy Yiuf cries, "Hah arga tea!"
Crazy Yiuf hits you with a +4 quarterstaff of chaos!
* * * LOW HITPOINT WARNING * * *
You have turned to stone.
Crazy Yiuf barely misses you.
Crazy Yiuf hits you with a +4 quarterstaff of chaos!
You die...

#.################
####.#..............#
##......############.#
......### ### ##.#..#
#.#..#########
#.#.÷##.#P.#.### ###
#.#.......P.#..##...#
#.#......P.####vg...#
#.#..#..#.## ###..)#
#..#...#### ###
#.###..# #..#.###
#.#.## ##### ### #.###
#.#.# #.# #.# ####.#.#
#.# ##.###(.....# #.#


You could see Crazy Yiuf (combustible).

Vanquished Creatures
  An adder (D:2)
  3 dart slugs
  4 endoplasms
  A giant cockroach (D:1)
  5 goblins
  6 hobgoblins
  4 jackals (D:1)
  2 kobolds
  3 quokkas (D:1)
  3 ball pythons
  5 bats
  A frilled lizard (D:1)
  7 rats
45 creatures vanquished.

Vanquished Creatures (collateral kills)
  2 foxfires (D:2)
2 creatures vanquished.

Vanquished Creatures (others)
  96 foxfires
  A fungus (D:2)
97 creatures vanquished.

Grand Total: 144 creatures vanquished

Notes
Turn   | Place    | Note
-------+----------+-------------------------------------------
     0 | D:1      | funkygono the Draconian Fire Elementalist began the quest
                  | for the Orb.
     0 | D:1      | Reached XP level 1. HP: 14/14 MP: 3/3
   136 | D:1      | You fall into a shaft and drop 1 floor!
   156 | D:2      | Reached XP level 2. HP: 19/20 MP: 0/5
   392 | D:1      | Learned a level 2 spell: Scorch
   616 | D:1      | Reached XP level 3. HP: 25/26 MP: 3/6
  1375 | D:2      | Learned a level 3 spell: Kindle Blastsparks
  1804 | D:2      | Found a runed translucent door.
  1805 | D:2      | Noticed Crazy Yiuf
  2151 | D:2      | Slain by Crazy Yiuf

Illustrated notes

Levels and vault maps discovered:
D:1:      dpeg_arrival_rooms_b, layout_loops_ring
D:2:      cheibrodos_old_hovel, layout_loops_ring,
          chequers_serial_rivers_large_b, corexii_corridor_pit,
          uniq_crazy_yiuf_cottage

Skill      XL: |  1 |
---------------+----+-----
Dodging        | 2 |  2.2
Stealth        | |  1.9
Spellcasting   | |  2.7
Conjurations   | |  1.3
Fire Magic     | |  3.8

Action                   || total
-------------------------++-------
Melee: Club              ||     7
       Unarmed           ||     2
       Tailslap          ||     1
 Cast: Foxfire           ||    58
       Scorch            ||    11
Armor: Skin              ||     5
Dodge: Dodged            ||    11

Table legend: (Time is in decaauts)
 A = Elapsed time spent in this place.
 B = Non-inter-level travel time spent in this place.
 C = Inter-level travel time spent in this place.
 D = Time resting spent in this place.
 E = Time spent auto-exploring this place.
 F = Levels seen in this place.
 G = Mean time per level.
                   A        B        C        D        E       F      G
               +--------+--------+--------+--------+--------+-----+--------+
         Total |   2204 |   2199 |      5 |      0 |   1946 |   2 | 1102.0 |
       Dungeon |   2204 |   2199 |      5 |      0 |   1946 |   2 | 1102.0 |
               +--------+--------+--------+--------+--------+-----+--------+

Top non-repeatable levels by time:
     D:1: 1140 daAuts
     D:2: 1063 daAuts
